 Dungeon Crawl Stone Soup version 0.31-a0-977-gc230f8ef24 (webtiles) character file.

Game seed: 14320081356365861045

135 timneilson the Ruffian (level 5, -7/38 HPs)
             Began as a Human Shapeshifter on Oct 29, 2023.
             Killed by divine providence
             ... invoked by an orc priest
              (13 damage)
             ... on level 3 of the Dungeon.
             The game lasted 00:05:53 (2251 turns).

timneilson the Ruffian (Human Shapeshifter)         Turns: 2251, Time: 00:05:53

Health: -7/38      AC:  5    Str: 16    XL:     5   Next: 42%
Magic:  6/6        EV: 11    Int: 11    God:
Gold:   129        SH:  0    Dex: 12    Spells: 5/6 levels left

rFire   . .          .
                       - Unarmed
rCold   . . .        (no shield)
rNeg    . . .        f - +0 ring mail
rPois   .            (helmet currently unavailable)
rElec   .            (cloak currently unavailable)
rCorr   .            (gloves currently unavailable)
SInv    .            (boots currently unavailable)
Will    .....        (no amulet)
Stlth   +            (no ring)
HPRegen 0.26/turn    (no ring)
MPRegen 0.10/turn

%: no passive effects
@: beast-form
A: beast (slay +2)
a: Begin Untransformation


You were on level 3 of the Dungeon.
You were a hulking beast.
You visited 1 branch of the dungeon, and saw 3 of its levels.

You collected 129 gold pieces.

Inventory:

Armour
 f - a +0 ring mail (worn)
Talismans
 c - a beast talisman
 d - a flux talisman
 j - a serpent talisman
Potions
 a - a potion of brilliance
 b - 2 potions of lignification
 e - a potion of invisibility
 g - a potion of might {unknown}
 h - a potion of heal wounds {unknown}
 i - a potion of resistance {unknown}


   Skills:
 * Level 2.2 Fighting
 + Level 1.2 Armour
 + Level 2.5 Dodging
 * Level 3.8 Unarmed Combat
 + Level 1.0 Spellcasting
 + Level 0.6 Translocations
 * Level 3.5 Shapeshifting


You had 5 spell levels left.
You knew the following spells:

 Your Spells              Type           Power      Damage    Failure   Level
a - Apportation           Tloc           2%         N/A       43%         1

Your spell library contained the following spells:

 Spells                   Type           Power      Damage    Failure   Level
 Freeze                   Ice            0%         1d3       52%         1
 Necrotise                Necr           0%         1d4       52%         1
 Summon Small Mammal      Summ           0%         N/A       52%         1
 Frozen Ramparts          Ice            0%         1d1       88%         3
 Hailstorm                Conj/Ice       0%         3d3       88%         3


Dungeon Overview and Level Annotations

Branches:
Dungeon (3/15)

Altars:
Uskayaw


Message History

The goblin shoots a sling bullet.
The sling bullet hits you.
The goblin shoots a sling bullet.
The sling bullet closely misses you.
The goblin shoots a sling bullet.
The sling bullet hits you but does no damage.
The goblin shoots a sling bullet.
The sling bullet closely misses you.
The goblin unwields a +0 sling.
The goblin wields a +0 club.
The goblin hits you with a +0 club.
You hit the goblin.
You kill the goblin!
Things that are here:
a +0 club; a +0 sling; a goblin corpse You hit the orc.
The orc is heavily wounded.
The orc barely misses you.
You closely miss the orc.
The orc priest shouts!
You punch the orc.
You kill the orc!
The orc priest casts a cantrip, but nothing happens.
The orc priest closely misses you. The orc priest barely misses you.
You closely miss the orc priest.
The orc priest calls down the wrath of Beogh upon you.
Pain shoots through your body!
You hit the orc priest.
The orc priest is lightly wounded.
The orc priest hits you with a +0 trident!
You barely miss the orc priest.
The orc priest is lightly wounded.
The orc priest calls down the wrath of Beogh upon you.
Beogh smites you!
You barely miss the orc priest.
The orc priest is lightly wounded.
The orc priest hits you with a +0 trident!
* * * LOW HITPOINT WARNING * * *
You closely miss the orc priest.
The orc priest is lightly wounded.
The orc priest calls down the wrath of Beogh upon you.
Beogh smites you!
You die...

### ..# ..# o.# .#
..#..#.##.#######
.........o.)....##
..# ..##.#####..#
....#.# ##o#
....#.###. #h#
......#... ##.#
..h....... #..#
..gh.... #.##
..h.... #.#
....#.# ##.# ..<.#
#######..# ....#
...#...## ....#
##.#.###


You could see an orc priest.

Vanquished Creatures
  A hound (D:3)
  3 adders (D:2)
  2 worms (D:2)
  4 dart slugs
  An orc (D:3)
  4 bats
  8 endoplasms
  4 giant cockroaches (D:1)
  2 goblins (D:3)
  3 hobgoblins
  9 jackals
  5 kobolds
  2 quokkas
  5 ball pythons
  3 frilled lizards (D:1)
  4 rats
60 creatures vanquished.

Notes
Turn   | Place    | Note
-------+----------+-------------------------------------------
     0 | D:1      | timneilson the Human Shapeshifter began the quest for the
                  | Orb.
     0 | D:1      | Reached XP level 1. HP: 15/15 MP: 1/1
    96 | D:1      | Reached XP level 2. HP: 21/21 MP: 2/2
   377 | D:1      | Reached XP level 3. HP: 26/26 MP: 3/3
  1392 | D:2      | Reached XP level 4. HP: 32/33 MP: 4/4
  1394 | D:2      | Learned a level 1 spell: Apportation
  1727 | D:2      | Reached skill level 1 in Armour
  2042 | D:3      | Reached skill level 1 in Spellcasting
  2042 | D:3      | Reached XP level 5. HP: 25/38 MP: 6/6
  2166 | D:3      | Found a hide-covered altar of Uskayaw.
  2251 | D:3      | Killed from afar by an orc priest

Illustrated notes

Levels and vault maps discovered:
D:1:      dpeg_arrival_boxorama, layout_loops_ring, minmay_pentomino_w2
D:2:      minmay_general_purpose_star, layout_basic
D:3:      layout_rooms, mainiacjoe_overflow_alcove_2,
          nicolae_twisty_statue_hallways

Skill      XL: |  1  2  3  4 |
---------------+-------------+-----
Fighting       | 2 |  2.2
Armour         | 1 |  1.2
Spellcasting   | 1 |  1.0
Dodging        | |  2.5
Unarmed Combat | |  3.8
Translocations | |  0.6
Shapeshifting  | |  3.5

Action                     |  1- 3 |  4- 6 || total
---------------------------+-------+-------++-------
  Melee: Unarmed           |    97 |    90 ||   187
         Punch             |     2 |     3 ||     5
    Use: Scroll            |     2 |     2 ||     4
 Armour: Animal skin       |     9 |       ||     9
         Ring mail         |    33 |    45 ||    78
  Dodge: Dodged            |    49 |    53 ||   102

Table legend: (Time is in decaauts)
 A = Elapsed time spent in this place.
 B = Non-inter-level travel time spent in this place.
 C = Inter-level travel time spent in this place.
 D = Time resting spent in this place.
 E = Time spent auto-exploring this place.
 F = Levels seen in this place.
 G = Mean time per level.
                   A        B        C        D        E       F      G
               +--------+--------+--------+--------+--------+-----+--------+
         Total |   2239 |   2030 |    209 |     79 |   1250 |   3 |  746.3 |
       Dungeon |   2239 |   2030 |    209 |     79 |   1250 |   3 |  746.3 |
               +--------+--------+--------+--------+--------+-----+--------+

Top non-repeatable levels by time:
     D:2: 1146 daAuts
     D:1: 956 daAuts
     D:3: 136 daAuts
